 Dungeon Crawl Stone Soup version 0.30-a0-393-g54b8e3be05 (webtiles) character file.

Game seed: 15838236005369661849

1163 Hubris850 the Magician (level 8, -5/58 HPs)
             Began as a Djinni Ice Elementalist on Dec 5, 2022.
             Was an Initiate of Gozag.
             Killed from afar by a white imp (12 damage)
             ... with a puff of frost
             ... on level 6 of the Dungeon.
             The game lasted 00:13:08 (5337 turns).

Hubris850 the Magician (Djinni Ice Elementalist)    Turns: 5337, Time: 00:13:09

Health: -5/58      AC:  2    Str:  7    XL:     8   Next: 67%
Gold:   530        EV: 13    Int: 18    God:    Gozag SH:  0 Dex: 15

rFire   + . .      SeeInvis .    p - +2 short sword (venom)
rCold   . . .      Faith    .    (no shield)
rNeg    . . .      Spirit   .    a - +0 robe
rPois   ∞          Reflect  .    D - +2 helmet
rElec   .          Harm     .    (no cloak)
rCorr   .          Rampage  .    e - +0 pair of gloves
Will    .....                    (boots unavailable)
Stlth   ++........               (no amulet)
HPRegen 0.29/turn                t - ring of ice
MPRegen 0.00/turn                (no ring)

@: corroded, gold aura, flying
A: sickness immunity, fire resistance 2, cold vulnerability 1, float, innate
caster, HP casting, extra vitality 1
a: Renounce Religion, Potion Petition, Call Merchant, Bribe Branch


You were on level 6 of the Dungeon.
You worshipped Gozag.
Gozag was pleased with you.
You visited 1 branch of the dungeon, and saw 6 of its levels.

You collected 587 gold pieces.
You paid 57 gold pieces to Gozag.

Inventory:

Hand Weapons
 b - a +0 dagger
 p - a +2 short sword of venom (weapon)
Missiles
 m - 14 poisoned darts
Armour
 a - a +0 robe (worn)
 e - a +0 pair of gloves (worn)
 k - a +1 hat
 D - a +2 helmet (worn)
Magical Staves
 h - a staff of fire
Jewellery
 r - a ring of fire
 t - a ring of ice (left hand)
Scrolls
 c - 3 scrolls of vulnerability {unknown}
 g - 3 scrolls of butterflies {unknown}
 j - a scroll of immolation {unknown}
 o - a scroll of summoning {unknown}
 q - a scroll of poison {unknown}
 v - a scroll of amnesia {unknown}
 w - a scroll of magic mapping {unknown}
 x - a scroll of enchant weapon {unknown}
 y - a scroll of noise {unknown}
 z - a scroll of teleportation {unknown}
 A - 2 scrolls of identify {unknown}
 E - a scroll of fear {unknown}
Potions
 d - 3 potions of heal wounds {unknown}
 f - 2 potions of might {unknown}
 i - a potion of brilliance {unknown}
 l - 2 potions of mutation {unknown}
 n - a potion of berserk rage {unknown}
 s - a potion of cancellation {unknown}
 u - 2 potions of degeneration {unknown}
 B - a potion of resistance
 C - a potion of curing {unknown}


   Skills:
 + Level 3.7 Fighting
 + Level 3.3 Short Blades
 - Level 3.2 Dodging
 - Level 3.0 Stealth
 + Level 6.3 Spellcasting


You had 3 spell levels left.
You knew the following spells:

 Your Spells              Type           Power      Damage    Failure   Level
a - Freeze                Ice            100%       1d10      1%          1
b - Frozen Ramparts       Ice            84%        1d13      2%          3
c - Ozocubu's Armour      Ice            42%        N/A       2%          3
d - Summon Ice Beast      Ice/Summ       42%        N/A       9%          4
e - Kiss of Death         Conj/Necr      100%       2d13      1%          1
f - Call Imp              Summ           28%        N/A       1%          2
g - Poisonous Vapours     Pois/Air       56%        N/A       1%          2
Your spell library was empty.

Dungeon Overview and Level Annotations

Branches:
Dungeon (6/15)
 Temple: D:4-7

Altars:
Cheibriados
Gozag


Innate Abilities, Weirdness & Mutations

You are immune to sickness and miasma.
You are immune to poison.
Your flesh is very heat resistant. (rF++)
You are vulnerable to cold. (rC-)
You float through the air rather than walking.
You learn spells naturally, not from books.
Your magical power is your life essence.
You have superior vitality. (+4 MHP)


Message History

The jelly completely misses you.
You barely miss the jelly.
The jelly is moderately wounded.
You hit the jelly.
Your hands burn!
The jelly is severely wounded.
The jelly hits you. The acid corrodes you!
You are splashed with acid!
You hit the jelly but do no damage.
The jelly is poisoned.
Your hands burn!
The jelly is severely wounded.
The jelly closely misses you.
A white imp comes into view.
You hit the jelly but do no damage.
Your hands burn!
The jelly is severely wounded.
The jelly hits you.
You are splashed with acid!
* * * LOW HITPOINT WARNING * * *
You are too injured to fight recklessly!
You are too injured to fight recklessly!
You barely miss the jelly.
The jelly is severely wounded.
The jelly closely misses you.
You completely miss the jelly.
The jelly is almost dead.
You hit the jelly.
Your hands burn!
* * * LOW HITPOINT WARNING * * *
The jelly is almost dead.
The jelly misses you. The white imp gestures at you.
The puff of frost hits you!
* * * LOW HITPOINT WARNING * * *
Casting: Poisonous Vapours (safe; 1% risk of failure)
Confirm with . or Enter, or press ? or * to list all spells.
Aiming: Freeze (safe; 1% risk of failure)
Press: ? - help, Shift-Dir - straight line, f - jelly
Aim: a jelly (almost dead, poisoned)
You feel a surge of power!
You freeze the jelly!
You kill the jelly!
* * * LOW HITPOINT WARNING * * *
The white imp gestures at you. The puff of frost hits you!
You die...
Your body crumbles into a pile of gold.

.. .. . . .###.
.###..5###
.....$..####
............
#.##$$......
#.##@# #
#.##.##.##..
#..........#
#....#..#..#
####..#..#..?.
#.............#
#.##..#.##.####
#.##.#..# .#
##..........#


You could see a white imp.

Vanquished Creatures
  The ghost of Ekaitz the Ruffian, an amateur NaTm (D:3)
  Edmund (D:5)
  A black bear (D:4)
  A scorpion (D:4)
  3 bullfrogs
  A necrophage (D:4)
  An electric eel (D:6)
  A gnoll bouda (D:5)
  3 hounds
  3 jellies
  An iguana (D:5)
  2 ogre zombies (D:5)
  A mummy (D:4)
  3 gnolls (D:5)
  9 adders
  A shadow imp (D:5)
  An ufetubus (D:6)
  2 worms (D:2)
  3 dart slugs
  9 orcs
  9 ball pythons
  9 bats
  3 endoplasms (D:1)
  4 giant cockroaches
  6 goblins
  5 hobgoblins
  3 frilled lizards
  6 kobolds
  6 rats
99 creatures vanquished.

Vanquished Creatures (collateral kills)
  A gnoll zombie (D:5)
1 creature vanquished.

Grand Total: 100 creatures vanquished

Notes
Turn   | Place    | Note
-------+----------+-------------------------------------------
     0 | D:1      | Hubris850 the Djinni Ice Elementalist began the quest for
                  | the Orb.
     0 | D:1      | Hubris850 set off with the following spells memorised:
                  | Freeze, Frozen Ramparts, Ozocubu's Armour, Summon Ice
                  | Beast.
     0 | D:1      | Reached XP level 1. HP: 15/15 MP: 0/0
   385 | D:1      | Reached XP level 2. HP: 14/21 MP: 0/0
   618 | D:1      | You are sucked into a shaft and drop 1 floor!
   788 | D:2      | Reached XP level 3. HP: 20/25 MP: 0/0
   788 | D:2      | Learned a level 1 spell: Kiss of Death
  1417 | D:2      | Found a faded altar of an unknown god.
  1540 | D:2      | Reached XP level 4. HP: 31/31 MP: 0/0
  2313 | D:3      | Found a runed translucent gate.
  2314 | D:3      | Found a runed translucent gate.
  2314 | D:3      | Found an opulent altar of Gozag.
  2314 | D:3      | Found a runed translucent gate.
  2315 | D:3      | Noticed a bullfrog
  2316 | D:3      | Noticed Ekaitz's ghost (amateur NaTm)
  2327 | D:3      | Killed a bullfrog
  2328 | D:3      | Reached skill level 4 in Spellcasting
  2328 | D:3      | Reached XP level 5. HP: 29/35 MP: 0/0
  2328 | D:3      | Learned a level 2 spell: Call Imp
  2358 | D:3      | Killed Ekaitz's ghost
  2359 | D:3      | Reached skill level 5 in Spellcasting
  2359 | D:3      | Reached XP level 6. HP: 8/40 MP: 0/0
  2510 | D:3      | Became a worshipper of Gozag Ym Sagoz the Greedy
  3101 | D:4      | Reached XP level 7. HP: 32/45 MP: 0/0
  3101 | D:4      | Learned a level 2 spell: Poisonous Vapours
  3157 | D:4      | Found a snail-covered altar of Cheibriados.
  4021 | D:4      | Reached skill level 1 in Fighting
  4021 | D:4      | Reached skill level 1 in Short Blades
  4415 | D:5      | Entered Level 5 of the Dungeon
  4415 | D:5      | Found a transporter.
  4429 | D:5      | Found a transporter.
  4709 | D:5      | Noticed Edmund
  4724 | D:5      | Killed Edmund
  4725 | D:5      | Reached skill level 6 in Spellcasting
  4725 | D:5      | Reached XP level 8. HP: 35/55 MP: 0/0
  5337 | D:6      | Killed from afar by a white imp

Illustrated notes

Levels and vault maps discovered:
D:1:      minmay_arrival_widening_spiral_wide, layout_basic
D:2:      layout_basic, shapermc_ecumenical_altar_totnotflames,
          minmay_misc_feat_columns
D:3:      layout_basic, serial_corexii_hall, corexii_hall_statues_t,
          chequers_hall_statues_corner_a, ebering_ghost_gozag,
          interstate_on_off, st_stairs_10
D:4:      layout_basic, slow_altar_1
D:5:      gammafunk_cloud_chamber, layout_layer_cave,
          nemelex_xobeh_ov_fountains_minmay, serial_park_tiny_pond,
          uniq_menkaure, uniq_edmund
D:6:      nicolae_cairo_tiling, layout_basic, kennysheep_mini, st_stairs_8,
          hangedman_abyss_or_decor_lesser_grid, chequers_serial_rivers_small_b,
          serial_bayou_pond_b

Skill      XL: |  1  2  3  4  5  6  7  8 |
---------------+-------------------------+-----
Stealth        | 2 3 |  3.0
Dodging        | 3 |  3.2
Spellcasting   | 4 5 6 |  6.3
Fighting       | 2 3 |  3.7
Short Blades   | 2 3 |  3.3

Action                   |  1- 3 |  4- 6 |  7- 9 || total
-------------------------+-------+-------+-------++-------
Melee: Dagger            |    71 |    16 |       ||    87
       Short sword       |       |    60 |   146 ||   206
       Punch             |       |       |     3 ||     3
Throw: Dart              |       |       |     1 ||     1
 Cast: Freeze            |    34 |     9 |     1 ||    44
       Frozen Ramparts   |       |     5 |     7 ||    12
       Ozocubu's Armour  |       |     1 |     3 ||     4
       Summon Ice Beast  |       |       |     1 ||     1
       Poisonous Vapours |       |       |     2 ||     2
 Stab: Sleeping          |     4 |    11 |     2 ||    17
       Distracted        |       |       |     2 ||     2
Armor: Robe              |    14 |    26 |    20 ||    60
Dodge: Dodged            |    73 |    45 |    74 ||   192

Table legend: (Time is in decaauts)
 A = Elapsed time spent in this place.
 B = Non-inter-level travel time spent in this place.
 C = Inter-level travel time spent in this place.
 D = Time resting spent in this place.
 E = Time spent auto-exploring this place.
 F = Levels seen in this place.
 G = Mean time per level.
                   A        B        C        D        E       F      G
               +--------+--------+--------+--------+--------+-----+--------+
         Total |   5321 |   5242 |     79 |    841 |   3418 |   6 |  886.8 |
       Dungeon |   5321 |   5242 |     79 |    841 |   3418 |   6 |  886.8 |
               +--------+--------+--------+--------+--------+-----+--------+

Top non-repeatable levels by time:
     D:4: 1384 daAuts
     D:3: 1134 daAuts
     D:1: 951 daAuts
     D:2: 941 daAuts
     D:5: 559 daAuts
     D:6: 350 daAuts
